 Dungeon Crawl Stone Soup version 0.27-a0-1273-gec92ba881d (webtiles) character file.

Game seed: 7348522667279319656

188 deadmanwalking the Shield-Bearer (level 5, -2/100 HPs)
             Began as a Minotaur Fighter on June 11, 2021.
             Was a Follower of Uskayaw.
             Succumbed to a killer bee's poison
             ... on level 4 of the Dungeon.
             The game lasted 00:06:25 (3596 turns).

deadmanwalking the Shield-Bearer (Minotaur Fighter) Turns: 3596, Time: 00:06:25

Health: -2/100     AC: 22    Str: 20    XL:     5   Next: 39%
Magic:  2/4        EV:  2    Int:  6    God:    Uskayaw [*.....]
Gold:   58         SH: 15    Dex: 10    Spells: 4/4 levels left

rFire    . . .     SeeInvis .   a - +0 flail
rCold    . . .     Faith    .   c - +0 kite shield
rNeg     + + +     Spirit   .   (armour currently unavailable)
rPois    +         Reflect  +   (helmet currently unavailable)
rElec    .         Harm     .   (cloak currently unavailable)
rCorr    .         Rampage  .   (gloves currently unavailable)
Will     .....     NoTele   +   (boots currently unavailable)
Stlth    ..........             p - amulet of reflection
HPRegen  0.26/turn              (no ring)
MPRegen  0.09/turn              (no ring)

@: berserking, lethally poisoned (-2 -> -21), tree-form, very quick
A: stationary, stasis, torment immunity, boosted hp, (horns 2), (retaliatory
headbutt)
a: Renounce Religion, Stomp


You were on level 4 of the Dungeon.
You worshipped Uskayaw.
Uskayaw was noncommittal.
You were a tree.
You visited 1 branch of the dungeon, and saw 4 of its levels.

You collected 58 gold pieces.

Inventory:

Hand Weapons
 a - a +0 flail (weapon)
 b - a +1 hunting sling of flaming
Missiles
 f - 41 sling bullets
 h - 27 arrows
 j - 3 curare-tipped darts (quivered)
 n - 24 stones
Armour
 c - a +0 kite shield (worn)
 i - a +0 scale mail (melded)
 k - a +0 pair of gloves (melded)
 m - a +0 pair of boots (melded)
Jewellery
 o - an amulet of faith
 p - an amulet of reflection (around neck)
Potions
 d - 2 potions of might
 e - a potion of attraction
 g - 2 potions of lignification


   Skills:
 - Level 3.6 Fighting
 + Level 5.1 Maces & Flails
 - Level 3.6 Armour
 + Level 5.8 Shields


You had 4 spell levels left.
You didn't know any spells.
Your spell library was empty.

Dungeon Overview and Level Annotations

Branches:
Dungeon (4/15)
 Temple: D:4-7

Altars:
Elyvilon
Kikubaaqudgha
Makhleb
Nemelex Xobeh
Uskayaw

Annotations:
D:3 2 transporters


Innate Abilities, Weirdness & Mutations

You are a tree.
Your roots penetrate the ground, keeping you stationary.
You cannot be teleported.
You are immune to unholy pain and torment.
Your maximum health is greatly increased.
Your equipment is partially melded.
((You have a pair of horns on your head.))
((You reflexively headbutt those who attack you in melee.))


Message History

The killer bee is lightly wounded.
You feel very sick. You block the killer bee's attack.
The killer bee stings you but does no damage.
The killer bee stings you. x2
You are more poisoned.
The killer bee poisons you! You block the killer bee's attack.
The killer bee stings you.
* * * LOW HITPOINT WARNING * * *
You are more poisoned.
The killer bee poisons you! You block the killer bee's attack.
The killer bee stings you.
* * * LOW HITPOINT WARNING * * *
The killer bee stings you.
* * * LOW HITPOINT WARNING * * *
You are more poisoned.
The killer bee poisons you!
Unknown command.
It was a potion of lignification.
You turn into a tree.
Your +0 pair of gloves melds into your body.
Your +0 pair of boots melds into your body.
Your +0 scale mail melds into your body.
Your roots penetrate the ground.
* * * LOW HITPOINT WARNING * * *
You feel extremely sick. You block the killer bee's attack.
The killer bee stings you but does no damage.
You block the killer bee's attack.
The killer bee stings you but does no damage. x3
It was a potion of berserk rage.
A red film seems to cover your vision as you go berserk!
You feel yourself moving faster!
You feel mighty!
* * * LOW HITPOINT WARNING * * *
You feel very sick.
The killer bee stings you but does no damage. x2
You block the killer bee's attack. x2
The killer bee stings you but does no damage. x2
You barely miss the killer bee.
The killer bee is lightly wounded.
You die...

#...........y......
#..............y...
####....####....##..y
.......# #+####
#....... #.......
#....... ###y####
#y♣y..#######
#...........#
#...........#
#...........#
########....#
#....### #......#
#......+ #......#


You could see 3 killer bees.

Vanquished Creatures
  2 killer bees
  Robin (D:3)
  A worm (D:3)
  2 dart slugs
  2 orcs (D:3)
  7 endoplasms
  A giant cockroach (D:1)
  17 goblins
  8 hobgoblins
  8 jackals (D:2)
  3 quokkas
  3 ball pythons
  6 bats
  3 frilled lizards (D:1)
  3 kobolds (D:3)
  5 rats
72 creatures vanquished.

Notes
Turn   | Place    | Note
-------+----------+-------------------------------------------
     0 | D:1      | deadmanwalking the Minotaur Fighter began the quest for the
                  | Orb.
     0 | D:1      | Reached XP level 1. HP: 19/19 MP: 0/0
   144 | D:1      | Reached XP level 2. HP: 24/26 MP: 1/1
   425 | D:1      | Found a faded altar of an unknown god.
   435 | D:1      | Became a worshipper of Uskayaw the Reveller
   435 | D:1      | Reached * piety under Uskayaw
  1219 | D:2      | Reached ** piety under Uskayaw
  1222 | D:2      | Reached XP level 3. HP: 21/31 MP: 2/2
  2109 | D:3      | Noticed Robin
  2138 | D:3      | Reached *** piety under Uskayaw
  2143 | D:3      | Reached **** piety under Uskayaw
  2149 | D:3      | Killed Robin
  2150 | D:3      | Reached skill level 5 in Shields
  2150 | D:3      | Reached XP level 4. HP: 36/39 MP: 3/3
  2346 | D:3      | Found a sparkling altar of Nemelex Xobeh.
  2349 | D:3      | Found a hide-covered altar of Uskayaw.
  2350 | D:3      | Found a burning altar of Makhleb.
  2351 | D:3      | Found an ancient bone altar of Kikubaaqudgha.
  2766 | D:3      | Found a transporter.
  2786 | D:3      | Found a transporter.
  3227 | D:3      | Found a white marble altar of Elyvilon.
  3332 | D:3      | Reached XP level 5. HP: 17/45 MP: 4/4
  3593 | D:4      | Reached skill level 5 in Maces & Flails
  3595 | D:4      | HP: 2/100 [poisoned by a killer bee]
  3596 | D:4      | Succumbed to a killer bee's poison

Illustrated notes

Levels and vault maps discovered:
D:1:      eino_arrival_water_star, layout_basic,
          shapermc_ecumenical_altar_mp_highgroup, minmay_liquid_box,
          serial_bayou_pond_d
D:2:      layout_basic, grunt_decor_junction
D:3:      gammafunk_steamed_eel, layout_basic, nicolae_elyvilon_temple_path,
          nicolae_overflow_hidden_temple, minitemple, uniq_robin
D:4:      layout_gridville, minmay_temple_entry_ruins, uniq_blork_the_orc,
          uniq_menkaure, uniq_sigmund

Skill      XL: |  1  2  3  4  5 |
---------------+----------------+-----
Shields        | 4 5 |  5.8
Maces & Flails | 3 4 5 |  5.1
Fighting       | |  3.6
Armour         | |  3.6

Action                   |  1- 3 |  4- 6 || total
-------------------------+-------+-------++-------
Melee: Flail             |   122 |    56 ||   178
       Headbutt          |    18 |     9 ||    27
Invok: Stomp             |       |     1 ||     1
  Use: Scroll            |     3 |     3 ||     6
       Potion            |       |     2 ||     2
 Stab: Paralysed         |     1 |       ||     1
       Fleeing           |       |     1 ||     1
Armor: Scale mail        |    75 |    26 ||   101
       Skin              |       |     8 ||     8
Dodge: Dodged            |    34 |    15 ||    49
Block: Kite shield       |    68 |    49 ||   117

Table legend: (Time is in decaauts)
 A = Elapsed time spent in this place.
 B = Non-inter-level travel time spent in this place.
 C = Inter-level travel time spent in this place.
 D = Time resting spent in this place.
 E = Time spent auto-exploring this place.
 F = Levels seen in this place.
 G = Mean time per level.
                   A        B        C        D        E       F      G
               +--------+--------+--------+--------+--------+-----+--------+
         Total |   3677 |   3510 |    167 |      0 |   3019 |   4 |  919.2 |
       Dungeon |   3677 |   3510 |    167 |      0 |   3019 |   4 |  919.2 |
               +--------+--------+--------+--------+--------+-----+--------+

Top non-repeatable levels by time:
     D:3: 1463 daAuts
     D:1: 1116 daAuts
     D:2: 1035 daAuts
     D:4: 61 daAuts
